 Dungeon Crawl Stone Soup version 0.29.1-12-g30fa7ad0bf (webtiles) character file.

Game seed: 13686679216991276557

48 styxcanada the Trooper (level 3, -4/34 HPs)
             Began as a Minotaur Fighter on Dec 26, 2022.
             Slain by Sigmund
             ... wielding a +0 scythe
              (7 damage)
             ... on level 2 of the Dungeon.
             The game lasted 00:05:04 (1370 turns).

styxcanada the Trooper (Minotaur Fighter)           Turns: 1370, Time: 00:05:05

Health: -4/34      AC:  7    Str: 22    XL:     3   Next: 50%
Magic:  2/2        EV:  9    Int:  5    God:
Gold:   59         SH:  4    Dex:  9    Spells: 2/2 levels left

rFire   . . .      SeeInvis .   a - +0 war axe
rCold   . . .      Faith    .   c - +0 buckler
rNeg    . . .      Spirit   .   b - +0 scale mail
rPois   .          Reflect  .   (helmet restricted)
rElec   .          Harm     .   (no cloak)
rCorr   .          Rampage  .   (no gloves)
Will    .....                   (no boots)
Stlth   ..........              (no amulet)
HPRegen 0.11/turn               (no ring)
MPRegen 0.08/turn               (no ring)

@: no status effects
A: horns 2, retaliatory headbutt
a: no special abilities


You were on level 2 of the Dungeon.
You visited 1 branch of the dungeon, and saw 2 of its levels.

You collected 59 gold pieces.

Inventory:

Hand Weapons
 a - a +0 war axe (weapon)
 f - a +0 sling
 h - a +0 mace
Missiles
 k - 3 atropa-tipped darts (quivered)
Armour
 b - a +0 scale mail (worn)
 c - a +0 buckler (worn)
Scrolls
 i - 2 scrolls of teleportation {unknown}
 j - a scroll of immolation {unknown}
 l - a scroll of identify {unknown}
Potions
 d - a potion of might
 e - a potion of heal wounds {unknown}
 g - 2 potions of curing {unknown}


   Skills:
 * Level 4.4 Fighting
 + Level 3.0 Axes
 * Level 4.2 Armour
 + Level 3.9 Shields


You had 2 spell levels left.
You didn't know any spells.
Your spell library contained the following spells:

 Spells                   Type           Power      Damage    Failure   Level
 Dazzling Flash           Conj/Hex       0%         N/A       99%         3
 Iskenderun's Mystic Bla  Conj/Tloc      0%         2d3       100%        4
 Starburst                Conj/Fire      0%         6d3       100%        6


Dungeon Overview and Level Annotations

Branches:
Dungeon (2/15)

Altars:

Shops:
D:1 !

Annotations:
D:2 Sigmund


Innate Abilities, Weirdness & Mutations

You have a pair of horns on your head.
You reflexively headbutt those who attack you in melee.


Message History

The adder barely misses you.
You slash the adder!
You kill the adder!
Your Axes skill increases to level 3!
Things that are here:
a +0 club; a stone; an adder corpse You start resting.
HP restored.
Found a leather armour.
Found a robe.
Found a book of Frost.
Found a stone staircase leading down.
Sigmund and a hobgoblin come into view.
Sigmund shouts!
The hobgoblin shouts!
You hear a shout!
Sigmund flickers, as though insubstantial.
Sigmund mumbles some strange words.
Sigmund flickers and vanishes!
Deactivating autopickup; reactivate with Ctrl-A.
A kobold comes into view. It is wielding a +0 dagger.
Found a shiny ivory ring.
The kobold shouts!
The kobold throws a stone.
The stone hits you but does no damage. The hobgoblin barely misses you.
You barely miss the hobgoblin. Something hits you but does no damage.
The hobgoblin closely misses you.
You slash the hobgoblin!
You kill the hobgoblin!
The kobold throws a stone.
The stone hits you but does no damage. Something hits you!
The kobold throws a stone.
The stone hits you but does no damage. Something hits you!
The kobold throws a stone.
The stone barely misses you.
You closely miss something.
The kobold throws a stone.
The stone hits you. Something hits you.
* * * LOW HITPOINT WARNING * * *
You completely miss something.
The kobold throws a stone.
The stone barely misses you.
You slash something! Something hits you!
* * * LOW HITPOINT WARNING * * *
The kobold throws a stone.
The stone closely misses you.
You closely miss something. Something hits you!
You die...

####.
................
#.....
###......######
#.....####.......#
#...............##
#......[........#
#..........######
#..>.[.....#
#..........#
#....{@....#
###+##.....#
##[.....# #...K..#
...:...#
..........
..........
......=...
########...


You could see a kobold.

Vanquished Creatures
  An adder (D:2)
  A dart slug (D:1)
  3 ball pythons
  4 endoplasms
  2 giant cockroaches (D:1)
  3 goblins
  3 hobgoblins
  4 quokkas (D:1)
  3 bats (D:1)
  5 kobolds
  4 rats (D:1)
33 creatures vanquished.

Notes
Turn   | Place    | Note
-------+----------+-------------------------------------------
     0 | D:1      | styxcanada the Minotaur Fighter began the quest for the
                  | Orb.
     0 | D:1      | Reached XP level 1. HP: 19/19 MP: 0/0
   201 | D:1      | Reached XP level 2. HP: 10/27 MP: 1/1
  1026 | D:1      | Found Baehus's Distillery.
  1275 | D:2      | Reached XP level 3. HP: 34/34 MP: 2/2
  1360 | D:2      | Noticed Sigmund
  1370 | D:2      | Slain by Sigmund

Illustrated notes

Levels and vault maps discovered:
D:1:      ncdulo_wetmaze, layout_loops_ring, serial_shops,
          nicolae_shop_window_shopping
D:2:      layout_basic, basic_altar, uniq_sigmund

Skill      XL: |  1  2  3 |
---------------+----------+-----
Fighting       | 4 |  4.4
Armour         | 4 |  4.2
Axes           | 3 |  3.0
Shields        | |  3.9

Action                   || total
-------------------------++-------
Melee: War axe           ||    68
       Headbutt          ||    10
Armor: Scale mail        ||    33
Dodge: Dodged            ||    36
Block: Buckler           ||     7
